 Dungeon Crawl Stone Soup version 0.31-a0-1074-g0b22e4e0f1 (webtiles) character file.

Game seed: 6149325152627817880

35 zxpr0jk the Trooper (level 3, -1/33 HPs)
             Began as a Draconian Monk on Dec 1, 2023.
             Killed from afar by Terence (9 damage)
             ... with a puff of flame
             ... on level 2 of the Dungeon.
             The game lasted 00:03:43 (918 turns).

zxpr0jk the Trooper (Draconian Monk)                 Turns: 918, Time: 00:03:44

Health: -1/33      AC:  5    Str: 13    XL:     3   Next: 16%
Magic:  3/3        EV: 13    Int: 10    God:
Gold:   42         SH:  0    Dex: 15    Spells: 2/2 levels left

rFire   . .          .
                       - Unarmed
rCold   . . .        b - orb {light}
rNeg    . . .        (body armour unavailable)
rPois   .            (helmet currently unavailable)
rElec   .            (cloak currently unavailable)
rCorr   +            (gloves currently unavailable)
SInv    .            (boots currently unavailable)
Will    .....        (no amulet)
Stlth   +            d - ring of resist corrosion
HPRegen 0.25/turn    (no ring)
MPRegen 0.08/turn

%: no passive effects
@: beast-form, glowing
A: beast (slay +0), AC +5, unfitting armour, cold-blooded
a: Begin Untransformation


You were on level 2 of the Dungeon.
You were a hulking beast.
You visited 1 branch of the dungeon, and saw 2 of its levels.

You collected 42 gold pieces.

Inventory:

Missiles
 c - 16 stones (quivered)
Armour
 b - an orb of light (worn)
Jewellery
 d - a ring of resist corrosion (left hand)
Talismans
 h - a beast talisman (active)
Potions
 a - a potion of ambrosia


   Skills:
 * Level 3.9 Fighting
 * Level 3.2 Dodging
 + Level 3.2 Unarmed Combat
 + Level 0.2 Shapeshifting


You had 2 spell levels left.
You didn't know any spells.
Your spell library was empty.

Dungeon Overview and Level Annotations

Branches:
Dungeon (2/15)

Altars:
Hepliaklqana

Annotations:
D:2 Terence


Innate Abilities, Weirdness & Mutations

You are a hulking beast.
Your limbs bulge with bestial killing power. (Slay +0)
Your plain brown scales are hard. (AC +5)
You cannot fit into any form of body armour.
You are cold-blooded and may be slowed by cold attacks.


Message History

The hobgoblin misses you.
Terence zaps a wand.
The puff of flame hits you.
You hit the frilled lizard.
You kill the frilled lizard!
The hobgoblin hits you but does no damage.
You hit the hobgoblin.
The hobgoblin is severely wounded.
The hobgoblin closely misses you.
Terence zaps a wand.
The puff of flame hits you!
You hit the hobgoblin.
The hobgoblin is almost dead.
The hobgoblin closely misses you.
You hit the hobgoblin but do no damage.
The hobgoblin is almost dead.
The hobgoblin hits you but does no damage.
You hit the hobgoblin but do no damage.
The hobgoblin is almost dead.
The hobgoblin hits you but does no damage.
Terence hits you but does no damage.
You hit the hobgoblin but do no damage.
The hobgoblin is almost dead.
The hobgoblin barely misses you.
You hit the hobgoblin.
You kill the hobgoblin!
Terence zaps a wand.
The puff of flame hits you.
It was a potion of curing.
You feel better. Terence misses you.
You hit Terence.
Terence is lightly wounded.
Terence hits you with a +2 heavy trident!
As you read the scroll labelled RICUKE YQ XASI, it crumbles to dust.
Your body is wracked with pain!
* * * LOW HITPOINT WARNING * * *
Terence convulses!
It was a scroll of torment.
Terence misses you.
As you read the scroll labelled ASCHIO VICLAJOL, it dissolves into smoke.
It was a scroll of fog.
As you read the scroll labelled FOINGY WAAFA, it crumbles to dust.
It is a scroll of amnesia.
You feel forgetful for a moment.
Terence zaps a wand.
The puff of flame hits you!
You die...
Terence says, "That felt goooood."

#.........##..#..#
..###†........##.#...##
...............+.......#
...............##.....##
...####........###.#.)#
## ##.....#.# #.##.#
##§§§##.###.##.#
##@###........# #h#
#####.#### #§# #.#####
#.§§# #.....### #.....
#.#.#...# #..###..


PPPPP.PPP.# .... ... ....P.P.P.# #.#. ..PPP.P.P.P.P.# . # .#P.P.P.P.P...#
##P.PPP.P.P.P## You could see Terence.

Vanquished Creatures
  An adder (D:2)
  A dart slug (D:1)
  A ball python (D:2)
  4 bats
  An endoplasm (D:1)
  2 giant cockroaches (D:1)
  2 hobgoblins
  2 quokkas (D:1)
  4 frilled lizards
  A goblin (D:1)
  2 kobolds (D:1)
  4 rats
25 creatures vanquished.

Notes
Turn   | Place    | Note
-------+----------+-------------------------------------------
     0 | D:1      | zxpr0jk the Draconian Monk began the quest for the Orb.
     0 | D:1      | Reached XP level 1. HP: 19/19 MP: 1/1
   216 | D:1      | Reached XP level 2. HP: 19/26 MP: 2/2
   797 | D:2      | Found a hazy altar of Hepliaklqana.
   808 | D:2      | Reached XP level 3. HP: 32/33 MP: 3/3
   890 | D:2      | Noticed Terence
   918 | D:2      | Killed from afar by Terence

Illustrated notes

Levels and vault maps discovered:
D:1:      giann_horns, layout_basic, minmay_heptomino_o4
D:2:      minmay_door_path, layout_loops_corners, basic_altar,
          minmay_misc_feat_ornament, minmay_hedge_maze,
          kennysheep_generic_room_5, uniq_terence

Skill      XL: |  1  2 |
---------------+-------+-----
Dodging        | 3 |  3.2
Fighting       | |  3.9
Unarmed Combat | |  3.2
Shapeshifting  | |  0.2

Action                     || total
---------------------------++-------
  Melee: Unarmed           ||    63
         Tailslap          ||    10
    Use: Scroll            ||     3
         Potion            ||     1
 Armour: Skin              ||    38
  Dodge: Dodged            ||    39
   Form: Beast             ||     1

Table legend: (Time is in decaauts)
 A = Elapsed time spent in this place.
 B = Non-inter-level travel time spent in this place.
 C = Inter-level travel time spent in this place.
 D = Time resting spent in this place.
 E = Time spent auto-exploring this place.
 F = Levels seen in this place.
 G = Mean time per level.
                   A        B        C        D        E       F      G
               +--------+--------+--------+--------+--------+-----+--------+
         Total |    914 |    900 |     14 |      0 |    725 |   2 |  457.0 |
       Dungeon |    914 |    900 |     14 |      0 |    725 |   2 |  457.0 |
               +--------+--------+--------+--------+--------+-----+--------+

Top non-repeatable levels by time:
     D:1: 752 daAuts
     D:2: 161 daAuts
